 Dungeon Crawl Stone Soup version 0.28.0 (webtiles) character file.

Game seed: 5038097266997800472

41 BALLS the Slasher (level 3, -3/19 HPs)
             Began as a Vine Stalker Fighter on Feb 4, 2022.
             Slain by a gnoll (6 damage)
             ... on level 2 of the Dungeon.
             The game lasted 00:02:00 (1114 turns).

BALLS the Slasher (Vine Stalker Fighter)            Turns: 1114, Time: 00:02:01

Health: -3/19      AC:  6    Str: 20    XL:     3   Next: 52%
Magic:  0/4        EV:  9    Int:  8    God:
Gold:   140        SH:  4    Dex: 13    Spells: 2/2 levels left

rFire   . . .      SeeInvis .   a - +0 long sword
rCold   . . .      Faith    .   c - +0 buckler
rNeg    . . .      Spirit   +   b - +0 scale mail
rPois   +          Reflect  .   (no helmet)
rElec   .          Harm     .   (no cloak)
rCorr   .          Rampage  .   (no gloves)
Will    .....                   (no boots)
Stlth   ..........              (no amulet)
HPRegen 0.06/turn               h - ring of poison resistance
MPRegen 0.09/turn               (no ring)

@: no status effects
A: fangs 2, magic shield, antimagic bite, no potion heal 2
a: no special abilities


You were on level 2 of the Dungeon.
You visited 1 branch of the dungeon, and saw 2 of its levels.

You collected 140 gold pieces.

Inventory:

Hand Weapons
 a - a +0 long sword (weapon)
 i - the +5 hunting sling of Doubt {freeze, +Blink rPois}
   (You found it on level 2 of the Dungeon)

   Any ammunition fired from it freezes those it strikes, dealing additional
   cold damage.
   It can also slow down cold-blooded creatures.
   rPois:     It protects you from poison.
   +Blink:    It lets you blink.
Armour
 b - a +0 scale mail (worn)
 c - a +0 buckler (worn)
Jewellery
 g - a ring of fire
 h - a ring of poison resistance (left hand)
Scrolls
 e - a scroll of teleportation {unknown}
 f - a scroll of identify {unknown}
Potions
 d - a potion of might


   Skills:
 - Level 2.6 Fighting
 + Level 3.4 Long Blades
 - Level 2.4 Armour
 - Level 2.6 Shields


You had 2 spell levels left.
You didn't know any spells.
Your spell library contained the following spells:

 Spells                   Type           Power      Damage    Failure   Level
 Static Discharge         Conj/Air       0%         N/A       94%         2
 Call Canine Familiar     Summ           0%         N/A       99%         3
 Conjure Flame            Conj/Fire      0%         6-21      99%         3
 Ignite Poison            Fire/Tmut/Pois 0%         N/A       99%         3
 Portal Projectile        Hex/Tloc       0%         N/A       99%         3
 Dispel Undead            Necr           0%         3d6       100%        4
 Leda's Liquefaction      Hex/Erth       0%         N/A       100%        4
 Sticky Flame             Conj/Fire      0%         2d3       100%        4


Dungeon Overview and Level Annotations

Branches:
Dungeon (2/15)

Altars:


Innate Abilities, Weirdness & Mutations

You have extremely sharp teeth.
When hurt, damage is shared between your health and your magic reserves.
Your bite disrupts and absorbs the magic of your enemies.
Potions cannot restore your health.


Message History

i - the +5 hunting sling of Doubt {freeze, +Blink rPois} Magic restored.
HP restored.
There is a stone staircase leading down here.
You now have 110 gold pieces (gained 5).
You now have 125 gold pieces (gained 15).
A bat comes into view.
Found an Everburning Encyclopedia.
The bat barely misses you.
You slash the bat!
You kill the bat!
Found a spear.
You pick up an Everburning Encyclopedia and begin reading...
You add the spells Conjure Flame and Ignite Poison to your library.
You see here a bat corpse.
You now have 140 gold pieces (gained 15).
A gnoll comes into view. It is wielding a +0 spear.
Found 6 curare-tipped darts.
The gnoll shouts!
You hear a shout!
A gnoll comes into view. It is wielding a +0 halberd.
There are monsters nearby!
The gnoll hits you but does no damage. You block the gnoll's attack.
The gnoll hits you with a +0 spear.
You slash the gnoll! You bite the gnoll.
You kill the gnoll!
The gnoll hits you from afar with a +0 halberd. x2
A gnoll comes into view. It is wielding a +0 flail.
The gnoll hits you with a +0 halberd.
You see here a +0 spear.
The gnoll shouts!
You hit the gnoll. Your bite misses the gnoll.
The gnoll is moderately wounded.
The gnoll hits you with a +0 halberd!
* * * LOW HITPOINT WARNING * * *
A gnoll comes into view. It is wielding a +0 spear.
The gnoll shouts!
You slash the gnoll! You bite the gnoll. You drain its power.
You feel invigorated.
The gnoll is almost dead.
The gnoll hits you with a +0 halberd!
You die...

#############
#.g....g..g$(
#g########### #g#
#@# #.# #.# #.# #.#
#.#
#.######.###########
...................#
#.#####..#########.#
#.# #..# #.#


You could see 3 gnolls.

Vanquished Creatures
  A gnoll (D:2)
  An adder (D:2)
  A ball python (D:1)
  3 endoplasms (D:1)
  5 hobgoblins (D:1)
  2 kobolds (D:1)
  A quokka (D:1)
  2 bats
  A frilled lizard (D:1)
  2 goblins (D:1)
  3 rats (D:1)
22 creatures vanquished.

Notes
Turn   | Place    | Note
-------+----------+-------------------------------------------
     0 | D:1      | BALLS the Vine Stalker Fighter began the quest for the Orb.
     0 | D:1      | Reached XP level 1. HP: 11/11 MP: 2/2
    32 | D:1      | Reached skill level 2 in Long Blades
   113 | D:1      | Reached XP level 2. HP: 16/16 MP: 3/3
   370 | D:1      | Found a faded altar of an unknown god.
   487 | D:1      | Reached skill level 3 in Long Blades
   873 | D:2      | Reached XP level 3. HP: 10/19 MP: 2/4
   873 | D:2      | Identified the +5 hunting sling of Doubt {freeze, +Blink
                  | rPois}
  1114 | D:2      | Slain by a gnoll

Illustrated notes

Levels and vault maps discovered:
D:1:      psy_arrival_conway, layout_basic, basic_ecumenical_altar
D:2:      layout_loops_ring, kennysheep_flooded_box

Skill      XL: |  1  2 |
---------------+-------+-----
Long Blades    | 2 3 |  3.4
Fighting       | |  2.6
Armour         | |  2.4
Shields        | |  2.6

Action                   || total
-------------------------++-------
Melee: Long sword        ||    58
       Bite              ||    15
Armor: Scale mail        ||    29
Dodge: Dodged            ||    25
Block: Buckler           ||    12
